 Dungeon Crawl Stone Soup version 0.29-a0-451-gfbfa42419e (webtiles) character file.

Game seed: 1312916869151844221

441 ders the Magician (level 7, -1/45 HPs)
             Began as a Djinni Conjurer on May 19, 2022.
             Slain by a necrophage (6 damage)
             ... on level 4 of the Dungeon.
             The game lasted 00:05:01 (5288 turns).

ders the Magician (Djinni Conjurer)                 Turns: 5288, Time: 00:05:02

Health: -1/45      AC:  2    Str:  6    XL:     7   Next: 22%
Gold:   211        EV: 12    Int: 21    God:
                   SH:  0    Dex: 18

rFire   + + .      SeeInvis .   (no weapon)
rCold   x . .      Faith    .   (no shield)
rNeg    . . .      Spirit   .   a - +0 robe
rPois   ∞          Reflect  .   (no helmet)
rElec   .          Harm     .   (no cloak)
rCorr   .          Rampage  .   (no gloves)
Will    .....                   (boots unavailable)
Stlth   ++........              (no amulet)
HPRegen 0.15/turn               f - +6 ring of dexterity
MPRegen 0.00/turn               s - ring of wizardry

@: flying, hasted, very quick
A: sickness immunity, fire resistance 2, cold vulnerability 1, float, innate
caster, HP casting, extra vitality 1
a: no special abilities


You were on level 4 of the Dungeon.
You visited 1 branch of the dungeon, and saw 4 of its levels.

You collected 211 gold pieces.

Inventory:

Missiles
 q - 2 throwing nets
Armour
 a - a +0 robe (worn)
Jewellery
 f - a +6 ring of dexterity (left hand)
 g - a +6 ring of strength
 s - a ring of wizardry (right hand)
Scrolls
 d - 2 scrolls of fear {unknown}
 e - 4 scrolls of vulnerability {unknown}
 i - 5 scrolls of teleportation {unknown}
 j - 3 scrolls of identify {unknown}
 m - a scroll of poison {unknown}
 n - 3 scrolls of enchant armour {unknown}
 o - a scroll of enchant weapon {unknown}
 p - a scroll of fog {unknown}
 r - a scroll of immolation {unknown}
Potions
 b - 3 potions of curing {unknown}
 c - 3 potions of might {unknown}
 h - a potion of berserk rage {unknown}
 k - a potion of heal wounds {unknown}
 l - a potion of lignification {unknown}
 t - a potion of attraction {unknown}
 u - a potion of magic {unknown}
 v - 2 potions of resistance {unknown}
 x - 3 potions of degeneration {unknown}


   Skills:
 - Level 2.1 Dodging
 - Level 1.5 Stealth
 + Level 6.3 Spellcasting


You couldn't memorise any spells.
You knew the following spells:

 Your Spells              Type           Power      Damage    Failure   Level
a - Magic Dart            Conj           100%       1d8       1%          1
b - Scorch                Fire           66%        2d8       1%          2
c - Dazzling Flash        Conj/Hex       66%        N/A       1%          3
d - Fulminant Prism       Conj/Hex       16%        3d11      2%          4
e - Iskenderun's Mystic   Conj/Tloc      33%        2d8       2%          4
f - Shock                 Conj/Air       100%       1d9       1%          1
g - Searing Ray           Conj           66%        2d6       1%          2
h - Ignite Poison         Fire/Tmut/Pois 33%        N/A       1%          3
Your spell library was empty.

Dungeon Overview and Level Annotations

Branches:
Dungeon (4/15)
 Temple: D:4-7

Altars:
Trog

Shops:
D:1 ?   D:3 ([:*   D:4 *


Innate Abilities, Weirdness & Mutations

You are immune to sickness and miasma.
You are immune to poison.
Your flesh is very heat resistant. (rF++)
You are vulnerable to cold. (rC-)
You float through the air rather than walking.
You learn spells naturally, not from books.
Your magical power is your life essence.
You have superior vitality. (+4 MHP)


Message History

Press: ? - help, Shift-Dir - straight line, f/p - goblin
Aim: a goblin, wielding a +0 hunting sling (severely wounded, 100% to hit)
The magic dart hits the goblin.
You kill the goblin!
Unknown command.
Casting: Magic Dart (safe; 1% risk of failure)
Confirm with . or Enter, or press ? or * to list all spells.
Flames lash the necrophage.
The necrophage is lightly damaged.
The necrophage's fire resistance burns away.
The dart slug launches a dart at you. The slug dart misses you.
The necrophage closely misses you.
Unknown command.
Casting: Scorch (safe; 1% risk of failure)
Confirm with . or Enter, or press ? or * to list all spells.
Flames lash the necrophage.
The necrophage is burned terribly!
The necrophage is heavily damaged.
The necrophage closely misses you. The necrophage closely misses you.
Unknown command.
Casting: Scorch (safe; 1% risk of failure)
Confirm with . or Enter, or press ? or * to list all spells.
Flames lash the necrophage.
The necrophage is burned terribly!
The necrophage is heavily damaged.
The necrophage hits you! The necrophage closely misses you.
Unknown command.
Casting: Scorch (safe; 1% risk of failure)
Confirm with . or Enter, or press ? or * to list all spells.
Flames lash the dart slug.
The dart slug is almost dead.
The dart slug's fire resistance burns away.
* * * LOW HITPOINT WARNING * * *
The necrophage barely misses you. The necrophage hits you!
* * * LOW HITPOINT WARNING * * *
Unknown command.
You feel yourself speed up. The necrophage hits you.
You die...

.## #.. .. ... ...
. #.) #.#.#
#.)##.#.## #.##
)##...... . #...
..?....w#.#####
#.## #..##)#......
#.# #....n.......
#.# ##.##@#######
#.# # #.# #.#
#.#############.##
#.................
###############.##
###


You could see a necrophage (combustible) and a dart slug (combustible).

Vanquished Creatures
  A necrophage (D:4)
  2 orc priests
  An iguana (D:4)
  2 orc wizards (D:4)
  4 adders
  8 gnolls (D:4)
  4 worms
  A dart slug (D:1)
  14 orcs
  8 bats
  4 endoplasms
  3 giant cockroaches
  9 goblins
  10 hobgoblins
  12 jackals
  2 quokkas (D:2)
  8 ball pythons
  4 frilled lizards (D:1)
  8 kobolds
  5 rats
110 creatures vanquished.

Vanquished Creatures (others)
  5 fulminant prisms
  5 plants (D:2)
10 creatures vanquished.

Grand Total: 120 creatures vanquished

Notes
Turn   | Place    | Note
-------+----------+-------------------------------------------
     0 | D:1      | ders the Djinni Conjurer began the quest for the Orb.
     0 | D:1      | Reached XP level 1. HP: 15/15 MP: 0/0
    66 | D:1      | Reached XP level 2. HP: 4/21 MP: 0/0
   342 | D:1      | Found Peash's Magic Scroll Emporium.
   681 | D:1      | Reached XP level 3. HP: 13/25 MP: 0/0
   681 | D:1      | Learned a level 1 spell: Shock
  1331 | D:2      | Reached skill level 4 in Spellcasting
  1525 | D:2      | Found a bloodstained altar of Trog.
  1722 | D:2      | Reached XP level 4. HP: 28/31 MP: 0/0
  2610 | D:2      | Found a faded altar of an unknown god.
  2700 | D:3      | Reached XP level 5. HP: 32/35 MP: 0/0
  2700 | D:3      | Learned a level 2 spell: Scorch
  3310 | D:3      | Found Gathoetz's Book Emporium.
  3353 | D:3      | Found Archiom's Assorted Antiques.
  3372 | D:3      | Reached skill level 5 in Spellcasting
  3644 | D:3      | Found Hafochewk's Weapon Shop.
  3866 | D:3      | Found Ximokk's Armour Shop.
  4144 | D:4      | Reached XP level 6. HP: 27/40 MP: 0/0
  4632 | D:4      | Found Ocecvyuts's Assorted Antiques.
  5031 | D:4      | Reached skill level 6 in Spellcasting
  5031 | D:4      | Reached XP level 7. HP: 33/45 MP: 0/0
  5031 | D:4      | Learned a level 3 spell: Ignite Poison
  5288 | D:4      | Slain by a necrophage

Illustrated notes

Levels and vault maps discovered:
D:1:      saegor_arrival_simple_c, layout_loops_ring, serial_shops,
          nicolae_shop_waterfront, minmay_split_cup_large
D:2:      minmay_angry_zag, layout_rooms, chequers_ecumenical_altar_lobes,
          basic_altar
D:3:      layout_basic, serial_shops, shop, nicolae_diamond_shop,
          nicolae_shop_bloodbath_and_beyond, shop, serial_rivers,
          chequers_serial_rivers_marsh, chequers_serial_rivers_room_a,
          chequers_serial_rivers_small_a, chequers_serial_rivers_small_a,
          chequers_serial_rivers_small_a
D:4:      layout_basic, lemuel_tele_altar, serial_shops,
          nicolae_shop_behind_doors, nicolae_take_the_stairs,
          chequers_serial_rivers_micro_a, uniq_grinder

Skill      XL: |  1  2  3  4  5  6 |
---------------+-------------------+-----
Spellcasting   | 4 5 6 |  6.3
Dodging        | |  2.1
Stealth        | |  1.5

Action                   |  1- 3 |  4- 6 |  7- 9 || total
-------------------------+-------+-------+-------++-------
 Cast: Magic Dart        |    65 |   122 |    14 ||   201
       Scorch            |       |    24 |     5 ||    29
       Fulminant Prism   |       |     4 |     1 ||     5
       Iskenderun's Myst |       |     1 |     2 ||     3
  Use: Potion            |       |       |     1 ||     1
Armor: Robe              |     2 |     6 |       ||     8
Dodge: Dodged            |     5 |    28 |     9 ||    42

Table legend: (Time is in decaauts)
 A = Elapsed time spent in this place.
 B = Non-inter-level travel time spent in this place.
 C = Inter-level travel time spent in this place.
 D = Time resting spent in this place.
 E = Time spent auto-exploring this place.
 F = Levels seen in this place.
 G = Mean time per level.
                   A        B        C        D        E       F      G
               +--------+--------+--------+--------+--------+-----+--------+
         Total |   5286 |   5180 |    106 |   1486 |   3203 |   4 | 1321.5 |
       Dungeon |   5286 |   5180 |    106 |   1486 |   3203 |   4 | 1321.5 |
               +--------+--------+--------+--------+--------+-----+--------+

Top non-repeatable levels by time:
     D:1: 1574 daAuts
     D:3: 1322 daAuts
     D:4: 1266 daAuts
     D:2: 1122 daAuts
